 Dungeon Sprint DCSS version 0.29.1-1-gd02db6906a (webtiles) character file.

Game seed: 13457941977242615481

25 Low2 the Twirler (level 3, -19/37 HPs)
             Began as an Ogre Gladiator on Oct 16, 2022.
             Demolished by an ogre
             ... wielding a +0 giant club
              (32 damage)
             ... in the Dungeon (Sprint I: "Red Sonja").
             The game lasted 00:00:51 (89 turns).

Low2 the Twirler (Ogre Gladiator)                     Turns: 89, Time: 00:00:51

Health: -19/37     AC:  3    Str: 18    XL:     3   Next: 4%
Magic:  3/3        EV: 11    Int:  9    God:
Gold:   0          SH:  0    Dex: 12    Spells: 2/2 levels left

rFire   . . .      SeeInvis .   a - +0 quarterstaff
rCold   . . .      Faith    .   (shield currently unavailable)
rNeg    . . .      Spirit   .   b - +0 robe
rPois   .          Reflect  .   c - +0 hat
rElec   .          Harm     .   (no cloak)
rCorr   .          Rampage  .   (gloves unavailable)
Will    .....      NoTele   +   (boots unavailable)
Stlth   +.........              (no amulet)
HPRegen 0.12/turn               (no ring)
MPRegen 0.08/turn               (no ring)

@: no status effects
A: large, unfitting armour, tough skin 1
a: no special abilities


You were in the Dungeon.
You visited 1 branch

Inventory:

Hand Weapons
 a - a +0 quarterstaff (weapon)
Armour
 b - a +0 robe (worn)
 c - a +0 hat (worn)
Scrolls
 k - a scroll of blinking
Potions
 h - a potion of haste
 i - 2 potions of magic
 j - a potion of berserk rage


   Skills:
 + Level 3.6 Fighting
 + Level 4.6 Staves
 + Level 2.8 Throwing
 + Level 4.1 Dodging


You had 2 spell levels left.
You didn't know any spells.
Your spell library was empty.

Dungeon Overview and Level Annotations

Branches:
Dungeon (1/1)

Altars:


Innate Abilities, Weirdness & Mutations

You are too large for most types of armour.
You have tough skin. (AC +1)


Message History

Ijyb zaps a wand.
You resist with significant effort.
Ijyb struggles against the net.
You sock Ijyb!
You kill Ijyb!
Your Fighting skill increases to level 3!
Your Staves skill increases to level 4!
Your Dodging skill gained 2 levels and is now at level 4!
You have reached level 2!
You have reached level 3!
Your experience leads to an increase in your attributes!
Increase (S)trength, (I)ntelligence, or (D)exterity?
You feel agile. x2; You feel stronger.
d - a wand of paralysis (1)
Things that are here:
a +0 club; a +0 leather armour; the goblin corpse of Ijyb You start resting.
HP restored.
You open the door.
An ogre comes into view. It is wielding a +0 giant club.
Throw: large rock
Press: ? - help, Q - select action, (/) - cycle Shift-Dir - straight line, f - ogre
Aim: an ogre, wielding a +0 giant club (74% to hit)
You throw a large rock. The large rock hits the ogre!
The ogre is heavily wounded.
The ogre hits you with a +0 giant club!!
Ouch! That really hurt!
* * * LOW HITPOINT WARNING * * *
You feel much better.
Unknown command.
Aiming: Paralyse
Press: ? - help, Shift-Dir - straight line, f/p - ogre
Aim: an ogre, wielding a +0 giant club (heavily wounded, chance to affect: 49%)
The ogre resists with some effort.
The now-empty wand crumbles to dust.
The ogre hits you with a +0 giant club!!
Ouch! That really hurt!
* * * LOW HITPOINT WARNING * * *
You feel better.
The ogre hits you with a +0 giant club!!
Ouch! That really hurt!
You die...

##########
#<.#.@O(.#
#..').#..+
#..#### +#
#..# #..#
#..# #⌠⌠#
####


You could see an ogre.

Vanquished Creatures
  Ijyb (D)
1 creature vanquished.

Notes
Turn   | Place    | Note
-------+----------+-------------------------------------------
     0 | D        | Low2 the Ogre Gladiator began the quest for the Orb.
     0 | D        | Reached XP level 1. HP: 22/22 MP: 1/1
     2 | D        | Noticed Ijyb
     2 | D        | Paralysed by Ijyb for 2 turns
    13 | D        | Paralysed by Ijyb for 5 turns
    20 | D        | Paralysed by Ijyb for 4 turns
    26 | D        | Killed Ijyb
    27 | D        | Reached XP level 2. HP: 25/31 MP: 2/2
    27 | D        | Reached XP level 3. HP: 30/37 MP: 3/3
    85 | D        | Noticed an ogre
    89 | D        | Demolished by an ogre

Illustrated notes

Levels and vault maps discovered:
D:        dungeon_sprint_1 [red_sonja_temple_1, red_sonja_temple_small_1]

Skill      XL: |  1 |
---------------+----+-----
Fighting       | 3 |  3.6
Staves         | 4 |  4.6
Dodging        | 4 |  4.1
Throwing       | |  2.8

Action                   || total
-------------------------++-------
Melee: Quarterstaff      ||    12
Throw: Throwing net      ||     3
       Large rock        ||     1
Evoke: Wand              ||     1
  Use: Potion            ||     2
Armor: Robe              ||     1
